Cogmind - Beta 11 @@@ ROGUE MODE // 2022.03.19 @ 21:57:33 Player: StarSirius Result: Destroyed by Y-45 Defender with Beam Rifle Performance ------------- Evolutions (2) 1000 Regions Visited (8) 1600 Robots Destroyed (4) 20 Value Destroyed (65) 65 Prototype IDs (0) 0 Alien Tech Used (0) 0 Bonus (1064) 1064 TOTAL SCORE: 3749 Bonus ------- Pacifist 564 Entered Garrisons 200 Aligned with FarCom 300 Cogmind --------- Core Integrity 0/550 Matter 15/300 Energy 98/100 System Corruption 0% Temperature Cool (9) Movement Core (50) Location -8/Garrison Parts ------- > --- POWER (1) -------- (None) > --- PROPULSION (4) --- (None) > --- UTILITY (4) ------ Advanced Targeting Computer > --- WEAPON (2) ------- (None) > --- INVENTORY (5) ---- Cesium-ion Thruster Xenon Bombardment Thruster Improved Sensor Array Missile Launcher Peak State ------------ > --- POWER ------------ (None) > --- PROPULSION ------- Xenon Bombardment Thruster Xenon Bombardment Thruster > --- UTILITY ---------- Improved Targeting Computer Advanced Targeting Computer > --- WEAPON ----------- Assault Cannon > --- INVENTORY -------- Xenon Bombardment Thruster Xenon Bombardment Thruster High-capacity Storage Unit Huge Storage Unit Rocket Launcher [Rating: 17] Favorites ----------- Power None Propulsion Xenon Bombardment Thruster Flight Unit Xenon Bombardment Thruster Utility Improved Targeting Computer Storage Huge Storage Unit Processor Improved Targeting Computer Weapon Assault Cannon Ballistic Cannon Assault Cannon Launcher Rocket Launcher Build | -11 -10 -10 -9 -9 -9 -8 -8 -8 ------- Run | Scr Mat Min Mat Min Exi Min Mat Gar Slots Evolved 4 | . . . 2 . . . 2 . Power . | . . . . . . . . . Propulsion 2 | . . . . . . . 2 . Utility 2 | . . . 2 . . . . . Weapon . | . . . . . . . . . Parts Attached 12 | . . . . 4 . . 7 1 Power . | . . . . . . . . . Engine . | . . . . . . . . . Core . | . . . . . . . . . Reactor . | . . . . . . . . . Propulsion 3 | . . . . . . . 2 1 Treads . | . . . . . . . . . Leg . | . . . . . . . . . Wheel . | . . . . . . . . . Hover . | . . . . . . . . . Flight 3 | . . . . . . . 2 1 Utility 6 | . . . . 4 . . 2 . Device . | . . . . . . . . . Storage 4 | . . . . 3 . . 1 . Processor 2 | . . . . 1 . . 1 . Hackware . | . . . . . . . . . Protection . | . . . . . . . . . Artifact . | . . . . . . . . . Weapon 3 | . . . . . . . 3 . Energy Gun . | . . . . . . . . . Energy Cannon . | . . . . . . . . . Ballistic Gun . | . . . . . . . . . Ballistic Cannon 1 | . . . . . . . 1 . Launcher 2 | . . . . . . . 2 . Special Weapon . | . . . . . . . . . Impact Weapon . | . . . . . . . . . Slashing Weapon . | . . . . . . . . . Piercing Weapon . | . . . . . . . . . Special Melee Weapon . | . . . . . . . . . Unidentified Prototypes . | . . . . . . . . . Parts Lost 5 | . . . . . . . 2 3 Power . | . . . . . . . . . Propulsion 3 | . . . . . . . 1 2 Utility 1 | . . . . . . . . 1 Weapon 1 | . . . . . . . 1 . Highest Loss Streak 3 | . . . . . . . 1 3 To Critical Strikes . | . . . . . . . . . Average Slot Usage (%) 17 | . . . . 14 11 11 28 23 Flight 1 | . . . . . . . 3 8 Storage 1 | . . . . 6 . . . . Processor 12 | . . . . 8 11 11 17 15 Ballistic Cannon 2 | . . . . . . . 6 . Naked Turns 105 | . 9 29 7 60 . . . . Heaviest Build 90 | . . . . 90 . . 9 . Greatest Support 12 | 3 3 3 3 3 3 3 12 12 Greatest Overweight (x) 29 | . . . . 29 . . 2 . Average Overweight (x) . | . . . . . . . . . Largest Inventory Capacity 25 | 5 5 5 5 25 5 5 10 5 Average Capacity 6 | 5 5 5 5 11 5 5 5 5 Most Carried 5 | . . . . 2 4 3 5 5 Average Carried 3 | . . . . . 2 3 4 4 Final Capacity 5 | 5 5 5 5 5 5 5 5 5 Final Carried 5 | . . . . 2 3 3 5 4 Class Distribution -------------------- 100% | Mutant Dominant Class ---------------- Mutant | -10/Materials Mutant | -10/Mines Mutant | -9/Materials Mutant | -9/Mines Mutant | -9/Exiles Mutant | -8/Mines Mutant | -8/Materials Mutant | -8/Garrison Resources | -11 -10 -10 -9 -9 -9 -8 -8 -8 ----------- Run | Scr Mat Min Mat Min Exi Min Mat Gar Matter Collected 34 | . . . . 30 . . 4 . Remotely . | . . . . . . . . . Salvage Created 17 | . . . . . . . 17 . Parts 6 | . . . . . . . 6 . Haulers Intercepted . | . . . . . . . . . Recyclers Shooed . | . . . . . . . . . Parts Field Recycled . | . . . . . . . . . Retrieved Matter . | . . . . . . . . . Parts Self-Destructed . | . . . . . . . . . Prevented . | . . . . . . . . . Kills | -11 -10 -10 -9 -9 -9 -8 -8 -8 ------- Run | Scr Mat Min Mat Min Exi Min Mat Gar Combat Hostiles Destroyed 3 | . . . . . . . 3 . AOE 3 | . . . . . . . 3 . Classes Destroyed 2 | . . . . . . . 2 . Builder 1 | . . . . . . . 1 . Swarmer 3 | . . . . . . . 3 . Best Kill Streak 4 | . . . . . . . 4 . Combat Bots Only 3 | . . . . . . . 3 . Max Kills in Single Turn 2 | . . . . . . . 2 . Gunslinging . | . . . . . . . . . Exploded 2 | . . . . . . . 2 . Melee . | . . . . . . . . . Uniques/NPCs Destroyed . | . . . . . . . . . Combat | -11 -10 -10 -9 -9 -9 -8 -8 -8 -------- Run | Scr Mat Min Mat Min Exi Min Mat Gar Damage Taken 834 | 2 . . . . . . 394 438 Core 563 | 2 . . . . . . 193 368 Absorbed by Shields 25 | . . . . . . . . 25 Core Remaining (%) 99 | 99 . 99 . . . 100 . . Volleys Fired 3 | . . . . . . . 3 . Largest 1 | . . . . . . . 1 . Hottest 33 | . . . . . . . 33 . Shots Fired 3 | . . . . . . . 3 . Gun . | . . . . . . . . . Cannon . | . . . . . . . . . Launcher 3 | . . . . . . . 3 . Special . | . . . . . . . . . Kinetic . | . . . . . . . . . Thermal . | . . . . . . . . . Explosive 3 | . . . . . . . 3 . Electromagnetic . | . . . . . . . . . Robot Hit Streak . | . . . . . . . . . Robot Miss Streak . | . . . . . . . . . Penetration Max . | . . . . . . . . . Secondary Targets . | . . . . . . . . . Shots Hit Robots . | . . . . . . . . . Core Hits 5 | . . . . . . . 5 . Critical Kills . | . . . . . . . . . Critical Parts Destroyed . | . . . . . . . . . Critical Strikes . | . . . . . . . . . Melee Attacks . | . . . . . . . . . Impact . | . . . . . . . . . Slashing . | . . . . . . . . . Piercing . | . . . . . . . . . Sneak Attacks . | . . . . . . . . . Combat Hostiles . | . . . . . . . . . Follow-up Attacks . | . . . . . . . . . Damage Inflicted 316 | 4 . . . . . . 312 . Guns . | . . . . . . . . . Cannons . | . . . . . . . . . Explosions 312 | . . . . . . . 312 . Melee . | . . . . . . . . . Ramming 4 | 4 . . . . . . . . Kinetic . | . . . . . . . . . Thermal 74 | . . . . . . . 74 . Explosive 238 | . . . . . . . 238 . Electromagnetic . | . . . . . . . . . Impact . | . . . . . . . . . Slashing . | . . . . . . . . . Piercing . | . . . . . . . . . Highest Corruption . | . . . . . . . . . Average Corruption . | . . . . . . . . . Corruption Purged . | . . . . . . . . . Corruption Blocked . | . . . . . . . . . Overload Shots . | . . . . . . . . . Overflow Damage 41 | . . . . . . . 41 . Projectiles . | . . . . . . . . . Explosions 41 | . . . . . . . 41 . Melee . | . . . . . . . . . Knockbacks . | . . . . . . . . . Impact . | . . . . . . . . . Kinetic . | . . . . . . . . . Secondary . | . . . . . . . . . Self-Inflicted Damage 68 | 2 . . . . . . 66 . Shots 1 | . . . . . . . 1 . Rammed 2 | 2 . . . . . . . . Targets Rammed 2 | 2 . . . . . . . . Kicked . | . . . . . . . . . Crushed . | . . . . . . . . . Highest Temperature 10 | . . . . . . . 9 10 Average Temperature 5 | . . . . . . . 4 7 Received Heat Transfer 438 | . . . . . . . 198 240 Siege Activations . | . . . . . . . . . Robots Corrupted . | . . . . . . . . . Combat Hostiles . | . . . . . . . . . Parts Fried . | . . . . . . . . . Impact Corruptions . | . . . . . . . . . Robots Melted . | . . . . . . . . . Combat Hostiles . | . . . . . . . . . Parts Melted . | . . . . . . . . . Heat Transferred 50 | . . . . . . . 50 . Parts Sabotaged . | . . . . . . . . . Parts Stolen . | . . . . . . . . . Parts Stripped . | . . . . . . . . . Power Chain Reactions . | . . . . . . . . . Missiles Intercepted . | . . . . . . . . . Alert | -11 -10 -10 -9 -9 -9 -8 -8 -8 ------- Run | Scr Mat Min Mat Min Exi Min Mat Gar Peak Influence 233 | . . . . . . . 170 233 Initial 113 | . . . . . . . . 113 Average 39 | . . . . . . . 42 171 Maximum Alert Level 1 | . . . . . . . . 1 Low Security (%) 95 | 100 100 100 100 100 . 100 100 67 Level 1 4 | . . . . . . . . 32 Level 2 . | . . . . . . . . . Level 3 . | . . . . . . . . . Level 4 . | . . . . . . . . . Level 5 . | . . . . . . . . . High Security . | . . . . . . . . . Max Security . | . . . . . . . . . Squads Dispatched 2 | . . . . . . . 2 . Investigation . | . . . . . . . . . Extermination . | . . . . . . . . . Reinforcement 2 | . . . . . . . 2 . Assault . | . . . . . . . . . Garrison . | . . . . . . . . . Intercept . | . . . . . . . . . Searches Triggered . | . . . . . . . . . Construction Impeded 1 | . . . . . . . 1 . Haulers Reinforced . | . . . . . . . . . Active Scanning Responses . | . . . . . . . . . Cargo Convoy Interrupts . | . . . . . . . . . Stealth | -11 -10 -10 -9 -9 -9 -8 -8 -8 --------- Run | Scr Mat Min Mat Min Exi Min Mat Gar Distress Signals 2 | . . . . . . . 2 . Communications Jammed . | . . . . . . . . . Distress Signals . | . . . . . . . . . Times Spotted 31 | . . . . . . . 17 14 Peak Tracking Total 14 | . . . . . . . 11 14 Tactical Retreats 3 | . . . . . . . 1 2 Traps | -11 -10 -10 -9 -9 -9 -8 -8 -8 ------- Run | Scr Mat Min Mat Min Exi Min Mat Gar Traps Triggered 1 | . . . . . . . . 1 Indirectly . | . . . . . . . . . Trap Hack Attempts . | . . . . . . . . . Triggered . | . . . . . . . . . Disarmed . | . . . . . . . . . Reprogrammed . | . . . . . . . . . Reused . | . . . . . . . . . Traps Extracted . | . . . . . . . . . Installed . | . . . . . . . . . Triggered . | . . . . . . . . . Machines | -11 -10 -10 -9 -9 -9 -8 -8 -8 ---------- Run | Scr Mat Min Mat Min Exi Min Mat Gar Machines Disabled 3 | . . . . . . . 3 . Max in Single Turn 3 | . . . . . . . 3 . Machines Sabotaged . | . . . . . . . . . Garrisons Compromised . | . . . . . . . . . Overloaded Fab Kills . | . . . . . . . . . Hacking | -11 -10 -10 -9 -9 -9 -8 -8 -8 --------- Run | Scr Mat Min Mat Min Exi Min Mat Gar Machines Accessed 7 | . . . . . 3 1 3 . Terminals 2 | . . . . . . 1 1 . Fabricators . | . . . . . . . . . Repair Stations . | . . . . . . . . . Recycling Units 1 | . . . . . . . 1 . Scanalyzers . | . . . . . . . . . Garrison Access 1 | . . . . . . . 1 . Total Hacks 21 | . . . . . 3 2 16 . Successful 12 | . . . . . 3 . 9 . Failed 9 | . . . . . . 2 7 . Catastrophic . | . . . . . . . . . Database Lockouts . | . . . . . . . . . Manual 1 | . . . . . 1 . . . Terminals 4 | . . . . . . 2 2 . Fabricators . | . . . . . . . . . Repair Stations . | . . . . . . . . . Recycling Units 13 | . . . . . . . 13 . Scanalyzers . | . . . . . . . . . Garrison Access 1 | . . . . . . . 1 . Terminal Hacks 3 | . . . . . 3 . . . Record 3 | . . . . . 3 . . . Fabricator Hacks . | . . . . . . . . . Repair Station Hacks . | . . . . . . . . . Recycling Unit Hacks 8 | . . . . . . . 8 . Process 1 | . . . . . . . 1 . Retrieve Matter 7 | . . . . . . . 7 . Scanalyzer . | . . . . . . . . . Garrison Access Hacks 1 | . . . . . . . 1 . Unlock Access 1 | . . . . . . . 1 . Unauthorized Hacks . | . . . . . . . . . Terminals . | . . . . . . . . . Fabricators . | . . . . . . . . . Repair Stations . | . . . . . . . . . Recycling Units . | . . . . . . . . . Scanalyzers . | . . . . . . . . . Garrison Access . | . . . . . . . . . Data Cores Recovered . | . . . . . . . . . Used . | . . . . . . . . . Hacking Detections 3 | . . . . . . 1 2 . Full Trace Events . | . . . . . . . . . Feedback Events . | . . . . . . . . . Feedback Blocked . | . . . . . . . . . Robot Schematics Acquired . | . . . . . . . . . Robots Built . | . . . . . . . . . Authchips . | . . . . . . . . . Time . | . . . . . . . . . Total Robot Build Rating . | . . . . . . . . . Part Schematics Acquired . | . . . . . . . . . Parts Built . | . . . . . . . . . Authchips . | . . . . . . . . . Time . | . . . . . . . . . Total Part Build Rating . | . . . . . . . . . Parts Repaired . | . . . . . . . . . Time . | . . . . . . . . . Parts Recycled . | . . . . . . . . . Recycled Matter 31 | . . . . . . . 31 . Retrieved Matter . | . . . . . . . . . Retrieved Components . | . . . . . . . . . Parts Scanalyzed . | . . . . . . . . . Part Schematics Acquired . | . . . . . . . . . Parts Damaged . | . . . . . . . . . Bothacking | -11 -10 -10 -9 -9 -9 -8 -8 -8 ------------ Run | Scr Mat Min Mat Min Exi Min Mat Gar Used RIF Installer . | . . . . . . . . . Robots Hacked . | . . . . . . . . . Non-combat . | . . . . . . . . . Combat . | . . . . . . . . . Robot Hacks Applied . | . . . . . . . . . Relay Couplers Released . | . . . . . . . . . Fabnet Peak Effective % . | . . . . . . . . . Robots Rewired . | . . . . . . . . . Allies Hacked . | . . . . . . . . . Hacks Repelled . | . . . . . . . . . Allies | -11 -10 -10 -9 -9 -9 -8 -8 -8 -------- Run | Scr Mat Min Mat Min Exi Min Mat Gar Total Allies 2 | . . 2 . . . . . . Largest Group 2 | . . 2 2 2 2 . . . Highest-Rated Group 49 | . . 49 49 49 49 . . . Highest-Rated Ally 31 | . . 31 31 31 31 . . . Total Orders . | . . . . . . . . . Ally Attacks . | . . . . . . . . . Total Damage . | . . . . . . . . . Kills . | . . . . . . . . . Allies Corrupted . | . . . . . . . . . Allies Melted . | . . . . . . . . . Intel | -11 -10 -10 -9 -9 -9 -8 -8 -8 ------- Run | Scr Mat Min Mat Min Exi Min Mat Gar Robot Analysis Total . | . . . . . . . . . Derelict Logs Recovered 2 | . . . . 2 . . . . Drone Launches . | . . . . . . . . . Drone Recoveries . | . . . . . . . . . Exploration | -11 -10 -10 -9 -9 -9 -8 -8 -8 ------------- Run | Scr Mat Min Mat Min Exi Min Mat Gar Turns Passed 1251 | 10 9 29 7 232 323 135 386 120 Spaces Moved 1534 | 16 17 25 8 155 532 247 276 258 Core 1105 | 16 17 25 8 155 532 247 60 45 Treads . | . . . . . . . . . Legs . | . . . . . . . . . Wheels . | . . . . . . . . . Hover . | . . . . . . . . . Flight 429 | . . . . . . . 216 213 Fastest Speed 37 | 50 50 50 50 50 50 50 37 37 Average Speed 52 | 50 50 50 50 94 50 50 48 40 Slowest Speed 1500 | 50 50 50 50 1500 50 50 150 50 Overloaded Moves . | . . . . . . . . . Propulsion Burnouts . | . . . . . . . . . Robots Hopped 4 | . . . . . . . 1 3 Cave-ins Triggered . | . . . . . . . . . Exploration Rate (%) 29 | 3 7 12 3 38 71 63 29 42 Regions Visited 8 Branch Regions 4 Pre-discovered Areas 1 | . . . . . 1 . . . Known Exits Taken 1 | . . . . . . . 1 . Unknown Exits Taken 7 | 1 1 1 1 1 1 1 . . Scrap Searched 1 | . . . . 1 . . . . Spaces Dug . | . . . . . . . . . Terrain Destroyed 9 | . . . . . . . 9 . Melee . | . . . . . . . . . Projectile . | . . . . . . . . . AOE 9 | . . . . . . . 9 . Terrain Rammed . | . . . . . . . . . Walls Destroyed . | . . . . . . . . . Machines Disabled . | . . . . . . . . . Actions | -11 -10 -10 -9 -9 -9 -8 -8 -8 --------- Run | Scr Mat Min Mat Min Exi Min Mat Gar Total 1959 | 17 16 40 10 239 588 257 524 268 Wait 392 | . . 16 3 78 54 11 226 4 Move 1515 | 15 16 24 7 154 531 246 273 249 Hop 4 | . . . . . . . 1 3 Pick Up 8 | . . . . . 2 . 6 . Fast Attach 8 | . . . . 3 . . 5 . Attach 4 | . . . . 1 . . 2 1 Detach 6 | . . . . 3 . . 3 . Swap . | . . . . . . . . . Drop 6 | . . . . . 1 . 5 . Fire 3 | . . . . . . . 3 . Melee . | . . . . . . . . . Ram 2 | 2 . . . . . . . . Kick . | . . . . . . . . . Crush . | . . . . . . . . . Escape Stasis 11 | . . . . . . . . 11 Rewire . | . . . . . . . . . Trap . | . . . . . . . . . Miscellaneous . | . . . . . . . . . Route ------- -11/Scrapyard -10/Materials -10/Mines -9/Materials -9/Mines -9/Exiles (discovered 2 exits: *Min x2) -8/Mines -8/Materials -8/Garrison (discovered 1 exit: [*Mat]) History --------- Turn | Location | Event 3 | -11/Scrapyard | Discovered new exit (range 15) 11 | -11/Scrapyard | Entered Materials 16 | -10/Materials | Discovered new exit (range 4) 20 | -10/Materials | Entered Mines 29 | -10/Mines | Discovered new exit (range 9) 49 | -10/Mines | Entered Materials 49 | -9/Materials | Accompanied by 2 allies 49 | -9/Materials | Evolved 2 slots: Utility x2 49 | -9/Materials | Discovered new exit (range 7) 54 | -9/Materials | Led the pair of lost Derelicts to an unsafe place 56 | -9/Materials | Entered Mines 56 | -9/Mines | Accompanied by 2 allies 72 | -9/Mines | Learned Materials non-interactive machine intel 101 | -9/Mines | Learned Materials security intel 233 | -9/Mines | Deemed a non-threat by the Exiles lab entrance 234 | -9/Mines | Discovered new exit (range 5) 288 | -9/Mines | Entered Exiles 288 | -9/Exiles | Accompanied by 2 allies 301 | -9/Exiles | Met 8R-AWN 311 | -9/Exiles | Build established: Mutant 318 | -9/Exiles | Led the pair of lost Derelicts to a safe place 318 | -9/Exiles | Met EX-HEX 343 | -9/Exiles | Met EX-DEC 355 | -9/Exiles | Learned location of Zion (-6) 437 | -9/Exiles | Discovered new exit (range 14) 480 | -9/Exiles | Met EX-BIN 488 | -9/Exiles | Aligned with FarCom system 488 | -9/Exiles | Given EX-Vault access code 554 | -9/Exiles | Discovered new exit (range 10) 611 | -9/Exiles | Entered Mines 734 | -8/Mines | Discovered new exit (range 6) 746 | -8/Mines | Entered Materials 746 | -8/Materials | Evolved 2 slots: Propulsion x2 748 | -8/Materials | Loaded intel: 37 non-interactive machine locations 1132 | -8/Materials | Identified exit to Garrison 1132 | -8/Materials | Entered Garrison 1172 | -8/Garrison | Triggered checkpoint 1178 | -8/Garrison | Triggered checkpoint 1205 | -8/Garrison | Discovered new exit (range 10) 1209 | -8/Garrison | Attempted to access garrison exit controls, blocked by remote lockdown 1222 | -8/Garrison | Core integrity fell below 50% 1222 | -8/Garrison | Triggered checkpoint 1232 | -8/Garrison | Core integrity fell below 20% 1250 | -8/Garrison | Lost 3 parts (2n1u) 1252 | -8/Garrison | Destroyed by Y-45 Defender with Beam Rifle Last Messages --------------- 01217_ Critical hit (Burn: +37). 01218_ Imp. Targeting Computer destroyed. 01219_ Xenon Bombardment Thruster destroyed. 01222_ Beams of light sweep through the air. An alarm sounds. 01226_ Slug penetrates Reinforced Barrier. 01233_ Triggered Stasis Trap. 01233_ A bubble of rippling energy engulfs the area. 01233_ Field strength at 94. 01234_ Field strength at 88. 01235_ Field strength at 82. 01236_ Field strength at 76. 01237_ Field strength at 70. 01238_ Field strength at 57. 01239_ Field strength at 51. 01240_ Field strength at 45. 01241_ Field strength at 35. 01242_ Field strength at 29. 01243_ Field strength at 18. 01244_ Field strength at 8. 01245_ Stasis field depleted. Map ----- +----------------------------------------------------+ | ????????????????????????????????????????????# #? | | ????????????????????????????????????######### < #? | | ????????????????????????????????????# #? | | ????????????????????????????????????# #? | | ????????????????????????????????????# ##########? | | ????????????????????????????????????# #?????????? | | ????????????????????????????????????# #?????????? | | ????????????????????????????????????# #?????????? | | ????????????????????????????????????# #?????????? | | ????????????????????????????????????# #?????????? | | ????????????????????????????????????# #?????????? | | ????????????????????????????????????# ########??? | | ????????????????????????????????????# ##"""""#??? | | ????????????????????????????????????# #?# #???? | | ?????????????????????????############ ### ##### | | ?????????????????????????# | | ???????????????????????gg# | | ??????????????????????g??# ######### ### ##### | | ?????????????????????????# #???????# #?# #???? | | ?????????????????????????# ##??????# #?#####???? | | ?????????????????????????# g?????### #?????????? | | ?????????????????????????# #???gg? + #?????????? | | ???????????????# ????????# #???????# #?????????? | | ??????????????## ##""""## ##??????# #?????????? | | ??????????????# ######## #?????????? | | ?????????? @ gg h #?????????? | | ?????????? Yg g #?????????? | | ????????????### ## ## Y########+##?????????? | | ??????????????# ## ## Y #???????????????????? | | ??????????????" "???????????????????? | | ??????????????" "???????????????????? | | ?????????????g" "???????????????????? | | ?????????????g" "???????????????????? | | ??????????????# ## ## #???????????????????? | | ??????????????# ?# ## ##################### | | ??????????????# | | ??????????????# ########## | | ??????????????# ####### #????????# | | ??????????????# ##""""## ##?????# #????????### | | ??????????????? ????Y?Y?# #??????# #??????????? | | ?????????????????????????# #??????# #??????????? | | ?????????????????????????# #??????# #??????????? | | ?????????????????????????# #??????# #??????????? | | ?????????????????????????# #??????# #??????????? | | ?????????????????????????# #??????# #??????????? | | ?????????????????????????# ######## #????????# ? | | ?????????????????????????# ########## | | ?????????????????????????# | | ?????????????????????????########### ############ | | ???????????????????????????????????# #??????????? | +----------------------------------------------------+ Best States ------------- Heat Dissipation 31 Energy Generation 5 Energy Capacity 100 Matter Stores 119 Matter Capacity 300 Sight Range 16 Terrain Scan Density 10 Evasion (%) 62 Targeting Accuracy 14 Item Schematics ----------------- None Robot Schematics ------------------ None Fabricated ------------ Nothing Alien Tech Used ----------------- None Achievements -------------- None Challenges ------------ None Game ------ Seed GrenadeMachineMapper Manual? 0 Play Time 00:24:08 Cumulative 51.7 hours Start 2022.03.18 @ 11:30:41 End 2022.03.19 @ 21:57:33 Sessions 4 Manual Loads 0 Difficulty Rogue Special Mode None Game No. 49 Rogue 49 Adventurer 0 Explorer 0 Win Type - Total 1 Types 1/0/0/0/0/0/0/0/0 Lore% 22 Gallery% 35 Achievement% 26 Wizard Run 0 Options --------- ASCII 0 Keyboard 0 Movement Numpad Keybinds 1 Fullscreen 1 Font 18/X11 Map View 76x50 Tactical HUD 1 Map Filters NONE Filters BRIGHTNESS(150) Steam 1 RUN: a82886f7-a250-4fac-bd1a-8574fefd2dcc